 Dungeon Crawl Stone Soup version 0.30-a0-4-ga7cffc901d (webtiles) character file.

Game seed: 16049513665702493673

198 Setbun the Sneak (level 6, -1/35 HPs)
             Began as a Kobold Enchanter on Aug 20, 2022.
             Slain by a bullfrog (2 damage)
             ... in a sewer.
             The game lasted 00:03:36 (2277 turns).

Setbun the Sneak (Kobold Enchanter)                 Turns: 2277, Time: 00:03:37

Health: -1/35      AC:  3    Str:  5    XL:     6   Next: 5%
Magic:  2/10       EV: 16    Int: 16    God:
Gold:   1011       SH:  0    Dex: 18    Spells: 5/10 levels left

rFire   + . .      SeeInvis .    a - +1 dagger
rCold   + . .      Faith    .    (no shield)
rNeg    . . .      Spirit   .    b - +0 robe
rPois   +          Reflect  .    h - +0 helmet
rElec   +          Harm     .    (no cloak)
rCorr   +          Rampage  .    (no gloves)
Will    .....                    (no boots)
Stlth   ++++......               (no amulet)
HPRegen 0.11/turn                (no ring)
MPRegen 0.12/turn                (no ring)

@: lethally poisoned (-1 -> -4), resistant, very slightly contaminated
A: small, no large weapons, nightstalker 3, mutation resistance 1
a: no special abilities


You were in a sewer.
You visited 1 branch of the dungeon, and saw 4 of its levels.
You also visited: Sewer.

You collected 1011 gold pieces.

Inventory:

Hand Weapons
 a - a +1 dagger (weapon)
Armour
 b - a +0 robe (worn)
 h - a +0 helmet (worn)
Wands
 i - a wand of polymorph (11)
Scrolls
 e - a scroll of poison
 f - 6 scrolls of magic mapping
 g - 2 scrolls of teleportation {unknown}
 j - a scroll of blinking
 k - 2 scrolls of identify {unknown}
 o - a scroll of brand weapon {unknown}
 p - a scroll of fog {unknown}
Potions
 c - 5 potions of invisibility
 m - a potion of brilliance {unknown}


   Skills:
 + Level 1.9 Fighting
 * Level 4.0 Short Blades
 + Level 3.3 Dodging
 + Level 5.1 Stealth
 + Level 2.9 Spellcasting
 + Level 3.5 Hexes


You had 5 spell levels left.
You knew the following spells:

 Your Spells              Type           Power      Damage    Failure   Level
a - Ensorcelled Hibernat  Hex/Ice        16%        N/A       14%         2
b - Confusing Touch       Hex            13%        N/A       13%         3

Your spell library contained the following spells:

 Spells                   Type           Power      Damage    Failure   Level
 Tukima's Dance           Hex            13%        N/A       13%         3
 Dazzling Flash           Conj/Hex       16%        N/A       26%         3
 Passwall                 Tmut/Erth      1%         N/A       28%         2
 Static Discharge         Conj/Air       2%         3-4/arc   28%         2
 Swiftness                Air            2%         N/A       50%         3
 Dispel Undead            Necr           2%         3d7       88%         4
 Sticky Flame             Conj/Fire      2%         2d3       88%         4


Dungeon Overview and Level Annotations

Branches:
Dungeon (4/15)              Sewer (1/1)
 Temple: D:4-7

Altars:

Annotations:
D:4 Grinder


Innate Abilities, Weirdness & Mutations

You are small and have problems with some larger weapons.
You are completely attuned to the shadows.
You are somewhat resistant to further mutation.


Message History

The bullfrog barely misses you.
Casting: Ensorcelled Hibernation (safe; 14% risk of failure)
Confirm with . or Enter, or press ? or * to list all spells.
Aiming: Ensorcelled Hibernation (safe; 14% risk of failure)
Press: ? - help, Shift-Dir - straight line, f/p - adder
Aim: an adder (chance to affect: 50%)
You miscast Ensorcelled Hibernation.
You are very lightly contaminated with residual magic.
Nothing appears to happen.
The bullfrog hits you. The adder closely misses you.
Casting: Ensorcelled Hibernation (safe; 14% risk of failure)
Confirm with . or Enter, or press ? or * to list all spells.
You don't have enough magic to cast this spell.
Unknown command.
You hit the bullfrog.
The bullfrog is lightly wounded.
The bullfrog hits you. The adder barely misses you.
You hit the bullfrog.
The bullfrog is moderately wounded.
The bullfrog completely misses you. The adder misses you.
You hit the bullfrog.
The bullfrog is heavily wounded.
The bullfrog closely misses you. The adder bites you.
The bullfrog hits you but does no damage.
You hit the bullfrog.
The bullfrog is severely wounded.
The adder bites you.
* * * LOW HITPOINT WARNING * * *
You are poisoned.
The adder poisons you! The bullfrog hits you.
* * * LOW HITPOINT WARNING * * *
It was a potion of mutation.
You feel extremely strange.
You feel genetically stable.
* * * LOW HITPOINT WARNING * * *
You feel sick. The adder completely misses you. The bullfrog hits you.
* * * LOW HITPOINT WARNING * * *
It was a potion of resistance.
You feel protected.
* * * LOW HITPOINT WARNING * * *
You feel sick. The bullfrog hits you.
You die...

#.# #÷†≈~.≈~≈≈ #.# #.#
#.~≈~.≈≈≈≈ #.# #∩#
#.~≈~.≈≈≈≈ #.# #.#
#.~≈~~≈≈≈≈~!.~≈ #.# #∩#
#.~≈~~≈≈≈~?$).≈ #.# #.#
#.~≈~≈≈≈≈~~)?≈≈ #.# ###
#.~≈≈~≈≈.~~~~≈≈ #.#
#.~≈~≈~≈~††S.~≈ #.#
#.~≈~≈~≈~.@F~.~≈ #~#
#.~≈≈~≈≈~~≈~~.∩~≈ #~#
#.~≈≈~≈≈≈~≈≈~.~≈≈ #~#
#.~≈≈~≈≈≈≈~≈≈≈~≈# #~#
#.~≈~~≈≈≈≈≈~≈≈≈≈# #~#
#.~≈~.≈≈≈≈≈≈~≈≈# #~#
#.~≈~.~~~~≈~≈≈########~#
#.~≈~~..~~~~≈≈≈≈≈~.~~..#
#.~≈≈~~~~~~~~≈≈≈≈≈~≈~~~#


You could see a bullfrog and an adder.

Vanquished Creatures
  A bullfrog (Sewer)
  Natasha (D:2)
  4 adders
  A dart slug (D:1)
  A worm (D:2)
  An orc (D:3)
  11 ball pythons
  5 bats
  5 endoplasms
  7 giant cockroaches
  4 goblins
  3 hobgoblins (D:2)
  6 kobolds
  3 quokkas
  9 frilled lizards
  7 rats
69 creatures vanquished.

Notes
Turn   | Place    | Note
-------+----------+-------------------------------------------
     0 | D:1      | Setbun the Kobold Enchanter began the quest for the Orb.
     0 | D:1      | Reached XP level 1. HP: 10/10 MP: 3/3
    46 | D:1      | Reached XP level 2. HP: 15/15 MP: 5/5
   344 | D:1      | Reached XP level 3. HP: 20/20 MP: 6/6
   500 | D:1      | Found a faded altar of an unknown god.
   655 | D:2      | Reached skill level 1 in Fighting
   822 | D:2      | Reached XP level 4. HP: 25/25 MP: 7/7
   826 | D:2      | Noticed Natasha
   847 | D:2      | Killed Natasha
   899 | D:2      | Learned a level 2 spell: Ensorcelled Hibernation
   903 | D:2      | Learned a level 3 spell: Confusing Touch
   906 | D:2      | You fall into a shaft and drop 1 floor!
  1870 | D:4      | Reached XP level 5. HP: 29/29 MP: 8/8
  1870 | D:4      | Identified a scroll of acquirement
  1870 | D:4      | Acquired 879 gold pieces
  1927 | D:4      | Noticed Grinder
  1939 | D:4      | Found a glowing drain.
  1946 | Sewer    | Entered a sewer
  2263 | Sewer    | Noticed a bullfrog
  2264 | Sewer    | Noticed a bullfrog
  2267 | Sewer    | Killed a bullfrog
  2268 | Sewer    | Reached skill level 5 in Stealth
  2268 | Sewer    | Reached XP level 6. HP: 26/35 MP: 7/10
  2276 | Sewer    | Gained mutation: You are somewhat resistant to further
                  | mutation. [potion of mutation]
  2277 | Sewer    | HP: 1/35 [poisoned by an adder]
  2277 | Sewer    | Slain by a bullfrog

Illustrated notes

Levels and vault maps discovered:
D:1:      mrwooster_arrival_statue_2, layout_rooms,
          nicolae_ecumenical_lake_church, minivault_24
D:2:      layout_basic, uniq_natasha
D:3:      layout_basic, serial_glass, glass_columns_a, glass_columns_b,
          glass_columns_c, glass_columns_a, glass_columns_b, glass_columns_a
D:4:      layout_loops_corners, mainiacjoe_overflow_paths,
          gammafunk_ghost_gnarly_gnolls, cheibrodos_sewer_entry_drain,
          palyth_stone_intersect, nicolae_wooded_promenade, uniq_grinder
Sewer:    sewer_frog_island_01

Skill      XL: |  1  2  3  4  5 |
---------------+----------------+-----
Short Blades   | 2 3 4 |  4.0
Fighting       | 1 |  1.9
Dodging        | 3 |  3.3
Stealth        | 5 |  5.1
Spellcasting   | |  2.9
Hexes          | |  3.5

Action                   |  1- 3 |  4- 6 || total
-------------------------+-------+-------++-------
Melee: Dagger            |    71 |   113 ||   184
       Punch             |     1 |       ||     1
 Cast: Ensorcelled Hiber |       |     3 ||     3
  Use: Scroll            |       |     3 ||     3
       Potion            |       |     2 ||     2
 Stab: Sleeping          |    21 |    20 ||    41
       Distracted        |     1 |       ||     1
Armor: Robe              |     5 |    16 ||    21
Dodge: Dodged            |    25 |    92 ||   117

Table legend: (Time is in decaauts)
 A = Elapsed time spent in this place.
 B = Non-inter-level travel time spent in this place.
 C = Inter-level travel time spent in this place.
 D = Time resting spent in this place.
 E = Time spent auto-exploring this place.
 F = Levels seen in this place.
 G = Mean time per level.
                   A        B        C        D        E       F      G
               +--------+--------+--------+--------+--------+-----+--------+
         Total |   2301 |   2169 |    132 |     10 |   1665 |   5 |  460.2 |
       Dungeon |   1941 |   1809 |    132 |     10 |   1453 |   4 |  485.2 |
         Sewer |    359 |    359 |      0 |      0 |    212 |   1 |  359.0 |
               +--------+--------+--------+--------+--------+-----+--------+

Top non-repeatable levels by time:
     D:2: 673 daAuts
     D:3: 599 daAuts
     D:1: 573 daAuts
   Sewer: 359 daAuts
     D:4: 95 daAuts
